[Event "ICC tourney 2533 (25 5)"]
[Site "Internet Chess Club"]
[Date "2021.04.25"]
[Round "5"]
[White "KAMISETTY, NIKHIL:K09-15482975"]
[Black "SHARMA, JEENAL:K09-16875641"]
[Result "1-0"]
[ICCResult "Black checkmated"]
[WhiteElo "1452"]
[BlackElo "686"]
[Opening "English opening"]
[ECO "A22"]
[NIC "EO.10"]
[Time "11:00:40"]
[PlyCount "125"]
[TimeControl "1500+5"]

1. c4 e5 2. Nc3 Nf6 3. e3 Nc6 4. g3 d5 5. cxd5 Nxd5 6. Bg2 Be6 7. Nge2 Bc5
8. O-O O-O 9. a3 Qd7 10. b4 Bb6 11. Na4 Rfe8 12. Nxb6 Nxb6 13. d4 exd4 14.
Nxd4 Nxd4 15. Qxd4 Qxd4 16. exd4 c6 17. Bb2 Rad8 18. a4 Nc4 19. Bc3 a6 20.
a5 Rd7 21. Rfe1 g6 22. Bh3 Rd6 23. Re2 Kf8 24. Bxe6 Rdxe6 25. Rxe6 Rxe6 26.
Kf1 Rf6 27. Ke2 Ke7 28. d5 Rf5 29. dxc6 bxc6 30. Kd3 Nd6 31. Re1+ Kd7 32.
f4 Nb5 33. Re5 Nxc3 34. Rxf5 gxf5 35. Kxc3 Kd6 36. Kd4 f6 37. h3 h6 38. h4
h5 39. Kc4 Kc7 40. Kc5 Kd7 41. Kb6 Kd6 42. Kxa6 c5 43. bxc5+ Kxc5 44. Kb7
Kb5 45. a6 Ka5 46. a7 Kb5 47. a8=Q Kc5 48. Qa6 Kd4 49. Qb5 Ke3 50. Qxf5 Kf3
51. Qxh5+ Kxg3 52. Qg6+ Kxf4 53. Qxf6+ Kg4 54. h5 Kxh5 55. Qg7 Kh4 56. Qg6
Kh3 57. Qg5 Kh2 58. Qg4 Kh1 59. Kc6 Kh2 60. Kd5 Kh1 61. Ke4 Kh2 62. Kf3 Kh1
63. Qg2# { Black checkmated } 1-0

[Event "ICC tourney 2533 (25 5)"]
[Site "Internet Chess Club"]
[Date "2021.04.25"]
[Round "5"]
[White "LIU, BOWEN:K09-15459900"]
[Black "KHANNA, SAVIR:K09-15724048"]
[Result "0-1"]
[ICCResult "White checkmated"]
[WhiteElo "1941"]
[BlackElo "1160"]
[Opening "French: advance, Paulsen attack"]
[ECO "C02"]
[NIC "FR.03"]
[Time "11:00:50"]
[PlyCount "90"]
[TimeControl "1500+5"]

1. e4 e6 2. d4 d5 3. e5 c5 4. c3 Nc6 5. Nf3 Qb6 6. a3 c4 7. Be2 Nge7 8. Qc2
Ng6 9. Be3 Na5 10. Nbd2 Bd7 11. O-O Be7 12. Ng5 h6 13. Nxf7 Kxf7 14. Bh5
Ke8 15. Qxg6+ Kd8 16. Qxg7 Rf8 17. Bxh6 Qxb2 18. Bg5 Bxg5 19. Qxf8+ Kc7 20.
Qc5+ Nc6 21. Qd6+ Kc8 22. Nf3 Be7 23. Qxe7 Nxe7 24. Rfc1 Kc7 25. Ng5 Qd2
26. Nf7 Rf8 27. f3 Be8 28. Nd6 Bxh5 29. Rcb1 b6 30. Rf1 Rg8 31. Rf2 Qg5 32.
Kh1 Qh4 33. Rb2 Nf5 34. Nxf5 exf5 35. a4 a5 36. Rab1 Qg5 37. f4 Qg6 38. g3
Bf3+ 39. Kg1 Be4 40. Rf1 Qg4 41. Rd2 Qh3 42. Rff2 Kc6 43. Rb2 Rg4 44. Rb5
Rxg3+ 45. hxg3 Qh1# { White checkmated } 0-1

[Event "ICC tourney 2533 (25 5)"]
[Site "Internet Chess Club"]
[Date "2021.04.25"]
[Round "5"]
[White "SAI POTHURI, ABHIRAM:K09-15560780"]
[Black "RODRIGUEZ, KEYES:K09-16494792"]
[Result "1-0"]
[ICCResult "Black checkmated"]
[WhiteElo "1948"]
[BlackElo "1195"]
[Opening "Ruy Lopez: closed, 8.c3"]
[ECO "C89"]
[NIC "RL.17"]
[Time "11:00:32"]
[PlyCount "55"]
[TimeControl "1500+5"]

1. e4 e5 2. Nf3 Nc6 3. Bb5 a6 4. Ba4 Nf6 5. O-O Be7 6. Re1 b5 7. Bb3 O-O 8.
c3 Bb7 9. d4 exd4 10. cxd4 Bb4 11. Bd2 Bxd2 12. Nbxd2 Nb4 13. Bc2 Re8 14.
a3 Nxc2 15. Qxc2 Rc8 16. Rad1 d6 17. h3 c5 18. d5 Nd7 19. Nf1 a5 20. Ng3 g6
21. Qd2 b4 22. Qh6 Qf6 23. Re3 Qxb2 24. e5 dxe5 25. Ng5 Nf6 26. N3e4 Rc7
27. Nxf6+ Kh8 28. Qxh7# { Black checkmated } 1-0

[Event "ICC tourney 2533 (25 5)"]
[Site "Internet Chess Club"]
[Date "2021.04.25"]
[Round "5"]
[White "KENGSOONTRA, PATRICK:K09-15777277"]
[Black "CLEM, THOMAS:K09-15706482"]
[Result "1-0"]
[ICCResult "Black checkmated"]
[WhiteElo "1642"]
[BlackElo "873"]
[Opening "Petrov: Italian variation"]
[ECO "C24"]
[NIC "IG.04"]
[Time "11:02:29"]
[PlyCount "179"]
[TimeControl "1500+5"]

1. e4 e5 2. Bc4 Nf6 3. Nf3 h6 4. Nxe5 Qe7 5. d4 d6 6. Nf3 d5 7. Bb5+ Nbd7
8. e5 Qb4+ 9. Bd2 Qxb5 10. exf6 Nxf6 11. Nc3 Qxb2 12. O-O Bf5 13. Re1+ Be7
14. Qe2 Be6 15. Rab1 Qxc2 16. Rxb7 Bd6 17. Qb5+ Nd7 18. Nxd5 O-O 19. Nb4
Qg6 20. a3 Rab8 21. Rxb8 Rxb8 22. Qf1 a5 23. Nc6 Rb6 24. Nxa5 Qc2 25. Rc1
Qa4 26. Nc4 Rc6 27. Nxd6 Rxc1 28. Qxc1 cxd6 29. Bf4 Qc4 30. Qxc4 Bxc4 31.
Bxd6 Nb6 32. Nd2 Bd3 33. f3 f6 34. Kf2 Kf7 35. Ke3 Bc2 36. Bc5 Nd5+ 37. Kf2
Ke6 38. Nc4 Kf5 39. Nb6 Nxb6 40. Bxb6 Ke6 41. Ke3 Kd5 42. Bc5 g5 43. Kd2
Ba4 44. Kc3 Bd7 45. Kb4 f5 46. a4 Bc6 47. a5 h5 48. a6 f4 49. Ka5 g4 50.
Kb6 gxf3 51. gxf3 Ba8 52. Kc7 Kc4 53. a7 Bxf3 54. Bd6 Kxd4 55. Bxf4 Kc5 56.
Kb8 Kd4 57. a8=Q Bxa8 58. Kxa8 Ke4 59. Bc7 Kf3 60. Kb8 Kg2 61. Kc8 h4 62.
Kd7 h3 63. Ke6 Kg1 64. Kf5 Kg2 65. Kg4 Kf2 66. Kxh3 Kf3 67. Kh4 Ke4 68. Kg5
Kd5 69. h4 Ke6 70. Kg6 Kd7 71. Be5 Ke6 72. Bb2 Ke7 73. Kg7 Ke6 74. h5 Kf5
75. h6 Ke4 76. h7 Kd3 77. h8=Q Kc2 78. Qb8 Kb1 79. Bc3+ Kc2 80. Qb2+ Kd3
81. Qd2+ Kc4 82. Be5 Kc5 83. Qd6+ Kc4 84. Qd4+ Kb5 85. Qc3 Kb6 86. Bd4+ Kb5
87. Qc5+ Ka4 88. Qb6 Ka3 89. Qb5 Ka2 90. Qb2# { Black checkmated } 1-0

[Event "ICC tourney 2533 (25 5)"]
[Site "Internet Chess Club"]
[Date "2021.04.25"]
[Round "5"]
[White "GAW, CHLOE:K09-16608942"]
[Black "KHATRI, AARUSHI:K09-17005313"]
[Result "0-1"]
[ICCResult "White checkmated"]
[WhiteElo "1719"]
[BlackElo "354"]
[Opening "QGD Slav: Dutch variation"]
[ECO "D18"]
[NIC "SL.04"]
[Time "11:02:46"]
[PlyCount "70"]
[TimeControl "1500+5"]

1. d4 d5 2. c4 c6 3. Nf3 Nf6 4. Nc3 dxc4 5. a4 Bf5 6. e3 Nbd7 7. Bxc4 e6 8.
O-O Bd6 9. Qe2 Ne4 10. Nd2 Nxd2 11. Bxd2 Qh4 12. f4 Bg4 13. Qf2 Qxf2+ 14.
Rxf2 h5 15. e4 h4 16. Re1 h3 17. g3 O-O-O 18. Rb1 Bb4 19. Be3 Bxc3 20. bxc3
Nf6 21. Bd3 b5 22. axb5 c5 23. b6 axb6 24. Rxb6 c4 25. Rc6+ Kd7 26. Rxc4
Ra8 27. Rf1 Ra2 28. Bf2 Be2 29. Bxe2 Rxe2 30. e5 Ng4 31. Rb1 Ra8 32. Rb7+
Kd8 33. Rcb4 Rxf2 34. Rb1 Rg2+ 35. Kh1 Nf2# { White checkmated } 0-1

[Event "ICC tourney 2533 (25 5)"]
[Site "Internet Chess Club"]
[Date "2021.04.25"]
[Round "5"]
[White "JIANG, MATHEW:K09-15949698"]
[Black "KINI, SIDDHARTH:K09-15628986"]
[Result "0-1"]
[ICCResult "White resigns"]
[WhiteElo "1822"]
[BlackElo "683"]
[Opening "Queen's pawn game, Darooha variation "]
[ECO "D02"]
[NIC "QP.08"]
[Time "11:02:46"]
[PlyCount "64"]
[TimeControl "1500+5"]

1. d4 d5 2. Nf3 Nf6 3. c4 e6 4. e3 c5 5. Be2 Bd6 6. O-O O-O 7. Nc3 Nc6 8.
Qc2 cxd4 9. exd4 Re8 10. cxd5 exd5 11. b3 h6 12. Bb2 Qb6 13. Rfd1 Bg4 14.
h3 Bxf3 15. Bxf3 Nxd4 16. Qd3 Nxf3+ 17. Qxf3 d4 18. Na4 Qb5 19. Bxd4 Be5
20. Rac1 Bxd4 21. Rxd4 Rad8 22. Rdc4 Qd5 23. Qg3 Ne4 24. Qc7 Nd6 25. Rc5
Qd4 26. R5c2 Rc8 27. Qd7 Rxc2 28. Rxc2 Re1+ 29. Kh2 Qf4+ 30. g3 Qf3 31.
Qd8+ Kh7 32. Qh8+ Kxh8 { White resigns } 0-1

[Event "ICC tourney 2533 (25 5)"]
[Site "Internet Chess Club"]
[Date "2021.04.25"]
[Round "5"]
[White "WANG, OLLI:K09-17042860"]
[Black "NARNUR, PRASHANSA:K09-15668920"]
[Result "1-0"]
[ICCResult "Black forfeits on time"]
[WhiteElo "958"]
[BlackElo "1498"]
[Opening "King's pawn game"]
[ECO "C21"]
[NIC "KP.10"]
[Time "11:00:32"]
[PlyCount "91"]
[TimeControl "1500+5"]

1. e4 e5 2. d4 Nc6 3. dxe5 Nxe5 4. Nf3 Nc6 5. Bc4 Bc5 6. Bxf7+ Kxf7 7. Qd5+
Ke8 8. Qxc5 Nf6 9. Nc3 d6 10. Qg5 Kf7 11. Be3 Re8 12. O-O Nxe4 13. Nxe4
Rxe4 14. Qd5+ Re6 15. Ng5+ Kf6 16. Nxe6 Bxe6 17. Bg5+ Kg6 18. Qxe6+ Kxg5
19. f4+ Kh5 20. Qf5+ Kh6 21. g4 g6 22. g5+ Kg7 23. Qe6 Nd4 24. Qe4 Nf5 25.
Rfe1 Rb8 26. h4 Qd7 27. h5 a6 28. Qe6 Qxe6 29. Rxe6 Kf7 30. Rf6+ Kg7 31.
hxg6 hxg6 32. Re1 Rf8 33. Rxf8 Kxf8 34. Re6 Kf7 35. Rf6+ Kg7 36. Kf2 Nd4
37. c3 Nf5 38. Kf3 Nh4+ 39. Ke4 Nf5 40. Kd5 Ne7+ 41. Ke6 Nc6 42. Rf7+ Kg8
43. Rxc7 Nd8+ 44. Kxd6 Nf7+ 45. Ke7 Nh8 46. Rc8+ { Black forfeits on time }
1-0

[Event "ICC tourney 2533 (25 5)"]
[Site "Internet Chess Club"]
[Date "2021.04.25"]
[Round "5"]
[White "ADHARSH KUMAR, PRANAV:K09-17185926"]
[Black "ZHUANG, KYLE:K09-16368295"]
[Result "1-0"]
[ICCResult "Black resigns"]
[WhiteElo "411"]
[BlackElo "1637"]
[Opening "Sicilian, Chekhover variation"]
[ECO "B53"]
[NIC "SI.02"]
[Time "11:03:33"]
[PlyCount "97"]
[TimeControl "1500+5"]

1. e4 c5 2. Nf3 d6 3. d4 cxd4 4. Qxd4 Nc6 5. Qd3 Nf6 6. Nc3 g6 7. Be2 Bg7
8. O-O O-O 9. Rd1 Nd7 10. Be3 Nde5 11. Nxe5 Nxe5 12. Qd2 Be6 13. Nd5 Bxd5
14. Qxd5 Qc7 15. c3 Nd7 16. a4 Nf6 17. Qd3 Rfd8 18. Bf3 Nd7 19. Be2 b6 20.
Qc2 Rac8 21. Ba6 Rb8 22. f3 Nc5 23. Bc4 a6 24. Qe2 Qb7 25. b4 Nxa4 26. Rxa4
b5 27. Bd5 Qc7 28. Rxa6 Qxc3 29. Rd3 Qf6 30. Ba7 Rbc8 31. Be3 e6 32. Bc6 d5
33. exd5 exd5 34. Bb7 Qe7 35. Bxc8 Rxc8 36. Qd2 d4 37. Bxd4 Rd8 38. Bc5
Rxd3 39. Ra8+ Bf8 40. Qxd3 Qe1+ 41. Qf1 Qc3 42. Rxf8+ Kg7 43. Qxb5 Qc1+ 44.
Kf2 Qb2+ 45. Kg3 Qe5+ 46. Kf2 Qb2+ 47. Qe2 Qc3 48. Rxf7+ Kxf7 49. Qe7+ {
Black resigns } 1-0

[Event "ICC tourney 2533 (25 5)"]
[Site "Internet Chess Club"]
[Date "2021.04.25"]
[Round "5"]
[White "SHAH, ARSH:K09-17096480"]
[Black "MEJIA, RYNALDO:K09-16941060"]
[Result "1-0"]
[ICCResult "Black checkmated"]
[WhiteElo "1687"]
[BlackElo "1057"]
[Opening "Giuoco Piano"]
[ECO "C54"]
[NIC "IG.02"]
[Time "11:04:09"]
[PlyCount "155"]
[TimeControl "1500+5"]

1. e4 e5 2. Nf3 Nc6 3. Bc4 Bc5 4. c3 Nf6 5. d4 exd4 6. e5 Qe7 7. O-O Ng4 8.
h3 Ngxe5 9. Nxe5 Nxe5 10. cxd4 O-O 11. dxe5 Qxe5 12. Nc3 Bd6 13. g3 Bb4 14.
Qc2 Bxc3 15. Qxc3 Qxc3 16. bxc3 d6 17. Be3 a6 18. h4 Re8 19. Rfe1 Be6 20.
Bxe6 Rxe6 21. Bd4 Rae8 22. Rxe6 Rxe6 23. Kf1 Kf8 24. Re1 Rxe1+ 25. Kxe1 g6
26. Ke2 Ke7 27. Ke3 Ke6 28. Ke4 f6 29. f4 f5+ 30. Kd3 b6 31. a4 Kd7 32. Kc4
Kc6 33. Be3 Kd7 34. Kb4 Kc6 35. a5 b5 36. c4 bxc4 37. Kxc4 Kd7 38. Bd4 Kc6
39. Bc3 Kd7 40. Kd5 c6+ 41. Kc4 Kc7 42. Bd4 Kd7 43. Kd3 Ke7 44. Ke3 Ke6 45.
Kf3 Kf7 46. g4 Ke6 47. h5 gxh5 48. gxh5 c5 49. Bg7 d5 50. Bf8 c4 51. Bg7
Kd6 52. Ke3 Kc6 53. Kd4 Kd6 54. Be5+ Kc6 55. Bg7 Kd6 56. Bf8+ Kc6 57. Ba3
h6 58. Bb4 Kb5 59. Bd2 Kc6 60. Ke5 Kc5 61. Bc3 Kc6 62. Kxf5 Kb5 63. Ke5 Ka4
64. f5 Kb3 65. Bd4 c3 66. Bxc3 Kxc3 67. Kxd5 Kb4 68. f6 Kxa5 69. f7 Kb4 70.
f8=Q+ Kb5 71. Qxh6 a5 72. Qc1 a4 73. h6 Kb4 74. h7 a3 75. h8=Q a2 76. Qb8+
Ka4 77. Qc4+ Ka5 78. Qbb5# { Black checkmated } 1-0

[Event "ICC tourney 2533 (25 5)"]
[Site "Internet Chess Club"]
[Date "2021.04.25"]
[Round "5"]
[White "LI, YIYANG:K09-30018058"]
[Black "OHLY, OLIVER:K09-16469982"]
[Result "0-1"]
[ICCResult "White checkmated"]
[WhiteElo "1008"]
[BlackElo "1525"]
[Opening "Sicilian: Alapin's variation (2.c3)"]
[ECO "B22"]
[NIC "SI.46"]
[Time "11:01:37"]
[PlyCount "138"]
[TimeControl "1500+5"]

1. e4 c5 2. c3 d6 3. d4 cxd4 4. cxd4 Nf6 5. Nc3 g6 6. Nf3 Bg7 7. Bc4 O-O 8.
h3 Nc6 9. O-O a6 10. Re1 b5 11. Bb3 Bb7 12. Bc2 Rc8 13. Bg5 Nb4 14. Bb1 Nc6
15. a3 Qa5 16. Bc2 b4 17. axb4 Qxb4 18. Rb1 Qb6 19. Qd2 Nb4 20. Bd3 Nxd3
21. Qxd3 a5 22. b3 Qc6 23. Rbc1 Qd7 24. Qe3 Rc7 25. Na4 Rxc1 26. Rxc1 Nxe4
27. Re1 e6 28. Nc3 Nxc3 29. Qxc3 Bxf3 30. gxf3 Qb5 31. Kg2 Qxg5+ 32. Kh2
Qf4+ 33. Kg2 Bxd4 34. Qc2 Qg5+ 35. Kf1 Be5 36. Qe4 Qf5 37. Qxf5 exf5 38.
Rb1 d5 39. b4 axb4 40. Rxb4 Rd8 41. Rb1 d4 42. Rd1 d3 43. Ke1 Bc3+ 44. Kf1
Kg7 45. f4 Re8 46. Rxd3 Bf6 47. Kg2 Re7 48. Kg3 Kh6 49. f3 Kh5 50. Rd6 Re6
51. Rd7 Re2 52. h4 Bxh4+ 53. Kh3 Rf2 54. Rxf7 Rxf3+ 55. Kg2 Rxf4 56. Rxh7+
Kg4 57. Rh6 g5 58. Rg6 Rf2+ 59. Kg1 f4 60. Rc6 f3 61. Rc4+ Kg3 62. Rc1 g4
63. Kh1 Rh2+ 64. Kg1 f2+ 65. Kf1 Rh1+ 66. Ke2 Rxc1 67. Kd2 f1=Q 68. Ke3 Rd1
69. Ke4 Qf4# { White checkmated } 0-1

[Event "ICC tourney 2533 (25 5)"]
[Site "Internet Chess Club"]
[Date "2021.04.25"]
[Round "5"]
[White "HUANG, BRIAN:K09-15187606"]
[Black "HUSTON, GUS:K09-14921551"]
[Result "0-1"]
[ICCResult "White resigns"]
[WhiteElo "2017"]
[BlackElo "2243"]
[Opening "Scotch: Blumenfeld attack"]
[ECO "C45"]
[NIC "SO.05"]
[Time "11:00:56"]
[PlyCount "90"]
[TimeControl "1500+5"]

1. e4 e5 2. Nf3 Nc6 3. d4 exd4 4. Nxd4 Bc5 5. Be3 Qf6 6. Nb5 Bxe3 7. fxe3
Qh4+ 8. g3 Qd8 9. Qg4 g6 10. Qf4 d6 11. Bc4 Ne5 12. O-O Qe7 13. N1c3 g5 14.
Qf2 c6 15. Bxf7+ Kf8 16. Be6+ Kg7 17. Bxc8 Rxc8 18. Nd4 Nh6 19. Nf5+ Nxf5
20. exf5 Ng4 21. f6+ Qxf6 22. Qe2 Qe6 23. e4 Rhf8 24. Rad1 Rcd8 25. h3 Ne5
26. Kg2 h6 27. Qe3 b6 28. b3 Kg6 29. g4 Kh7 30. Rf5 Ng6 31. Rxf8 Rxf8 32.
Rf1 Nf4+ 33. Kg1 Qe5 34. Ne2 d5 35. Nd4 Nxh3+ 36. Qxh3 Qxd4+ 37. Kg2 Qxe4+
38. Kg1 Rxf1+ 39. Kxf1 Qxc2 40. Qf3 Qc1+ 41. Kg2 Qd2+ 42. Kh3 Qf4 43. Qe2
Qe4 44. Qf2 Kg7 45. Qg3 Qh1+ { White resigns } 0-1

[Event "ICC tourney 2533 (25 5)"]
[Site "Internet Chess Club"]
[Date "2021.04.25"]
[Round "5"]
[White "LU, JASON:K09-15264313"]
[Black "JIANG, NICHOLAS:K09-15273385"]
[Result "1-0"]
[ICCResult "Black resigns"]
[WhiteElo "2203"]
[BlackElo "1985"]
[Opening "Two knights defense"]
[ECO "C58"]
[NIC "KP.01"]
[Time "11:08:51"]
[PlyCount "69"]
[TimeControl "1500+5"]

1. e4 e5 2. Nf3 Nc6 3. Bc4 Nf6 4. Ng5 d5 5. exd5 Na5 6. Bb5+ c6 7. dxc6
bxc6 8. Bd3 Nd5 9. Nf3 Bd6 10. Nc3 O-O 11. Be2 f5 12. d3 Nb7 13. O-O Nc5
14. Nxd5 cxd5 15. d4 exd4 16. Qxd4 Bb7 17. Qd1 Rc8 18. Be3 f4 19. Bd4 a5
20. Re1 Ne4 21. c3 Qc7 22. Rc1 Qf7 23. Bd3 Rfe8 24. Qb3 Bc6 25. Rxe4 Rxe4
26. Ng5 Qe7 27. Nxe4 a4 28. Nxd6 axb3 29. Nxc8 Qd8 30. Na7 Bb7 31. axb3 f3
32. g3 Qd7 33. Re1 Qh3 34. Bf1 Qh5 35. b4 { Black resigns } 1-0

[Event "ICC tourney 2533 (25 5)"]
[Site "Internet Chess Club"]
[Date "2021.04.25"]
[Round "5"]
[White "REISS, AIDEN:K09-16581243"]
[Black "WILLIAM HALL, STEWART:K09-15065861"]
[Result "0-1"]
[ICCResult "White resigns"]
[WhiteElo "1853"]
[BlackElo "1427"]
[Opening "French: Schlechter variation"]
[ECO "C01"]
[NIC "FR.01"]
[Time "11:00:21"]
[PlyCount "78"]
[TimeControl "1500+5"]

1. e4 e6 2. d4 d5 3. Bd3 c5 4. exd5 exd5 5. Nf3 Nc6 6. O-O Nf6 7. Bg5 Be7
8. dxc5 O-O 9. Nc3 Bxc5 10. Nxd5 Qxd5 11. Bxf6 Bf5 12. Bxf5 Qxf5 13. Bc3
Rad8 14. Qe2 Rfe8 15. Qc4 b5 16. Qb3 Re2 17. Rae1 Rxc2 18. Kh1 b4 19. Be5
Rxf2 20. Qc4 Rxf1+ 21. Rxf1 Nxe5 22. Qxc5 Qd3 23. Nd2 Ng6 24. Rf2 Qd4 25.
Qf5 f6 26. h3 Qxb2 27. Qe6+ Kh8 28. Re2 h6 29. Qf7 Kh7 30. h4 Rxd2 31. Re8
Nf4 32. Qg8+ Kg6 33. h5+ Kxh5 34. Qf7+ Kh4 35. Qxg7 Qc1+ 36. Kh2 Rxg2+ 37.
Qxg2 Nxg2 38. Kxg2 Qc6+ 39. Kf2 Qxe8 { White resigns } 0-1

[Event "ICC tourney 2533 (25 5)"]
[Site "Internet Chess Club"]
[Date "2021.04.25"]
[Round "5"]
[White "MEI, AUSTIN R:K09-16090452"]
[Black "MENON, GAURI:K09-15187152"]
[Result "0-1"]
[ICCResult "White forfeits on time"]
[WhiteElo "2149"]
[BlackElo "1960"]
[Opening "KGA: Abbazia defense, modern variation"]
[ECO "C31"]
[NIC "KG.04"]
[Time "11:00:42"]
[PlyCount "52"]
[TimeControl "1500+5"]

1. e4 e5 2. f4 d5 3. exd5 exf4 4. Nf3 Nf6 5. Bb5+ c6 6. dxc6 Nxc6 7. Nc3
Bd6 8. d4 O-O 9. O-O Bg4 10. Bxc6 bxc6 11. Ne2 Nd5 12. c4 Ne3 13. Bxe3 fxe3
14. Qd3 Re8 15. Rad1 Bh5 16. d5 Qc7 17. c5 Bxc5 18. d6 Qd7 19. Nh4 Qxd6 20.
Qf5 Qe5 21. Rde1 Bb4 22. Nc3 e2 23. Rf4 Qe3+ 24. Kh1 Qd2 25. Rg1 e1=Q 26.
h3 Qg3 { White forfeits on time } 0-1

[Event "ICC tourney 2533 (25 5)"]
[Site "Internet Chess Club"]
[Date "2021.04.25"]
[Round "5"]
[White "SINGH, HERSH:K09-15024326"]
[Black "RAJARAM, ANIKA:K09-15446678"]
[Result "1-0"]
[ICCResult "Black checkmated"]
[WhiteElo "2240"]
[BlackElo "1858"]
[Opening "Queen's gambit declined"]
[ECO "D30"]
[NIC "QP.08"]
[Time "11:02:57"]
[PlyCount "127"]
[TimeControl "1500+5"]

1. d4 d5 2. c4 e6 3. Nf3 Nf6 4. g3 c5 5. cxd5 exd5 6. Bg2 Nc6 7. O-O Be7 8.
dxc5 Bxc5 9. a3 O-O 10. Nc3 d4 11. Na4 Be7 12. b4 a6 13. Bb2 Qc7 14. Nxd4
Rd8 15. Qc2 Bd7 16. Rac1 Rac8 17. Nf5 Be6 18. Nxe7+ Qxe7 19. Nb6 Rb8 20.
Rfd1 Na7 21. Rxd8+ Rxd8 22. Bxf6 Qxf6 23. Bxb7 Nb5 24. Bxa6 Bf5 25. Qc5 Nd4
26. Nd5 Qxa6 27. Qxd4 Qe6 28. Rd1 Rc8 29. Ne3 h6 30. Nxf5 Qxf5 31. Qd7 Qc2
32. Qd3 Qc6 33. h4 Qa4 34. Qd7 Qc2 35. e3 Rc7 36. Qd8+ Kh7 37. Qd3+ Qxd3
38. Rxd3 Kg6 39. Kg2 Kf5 40. a4 Ke4 41. Rd4+ Ke5 42. a5 Rb7 43. Kf3 f5 44.
Ke2 g5 45. hxg5 hxg5 46. Kd3 Rc7 47. b5 Rc5 48. Rb4 Kd5 49. a6 Rc8 50. b6
Rd8 51. Rd4+ Kc5 52. Rxd8 Kxb6 53. Rg8 Kxa6 54. Rxg5 f4 55. exf4 Kb6 56.
Re5 Kc6 57. Ke4 Kd6 58. f5 Kc6 59. f6 Kd6 60. f7 Kc6 61. f8=Q Kd7 62. Qf6
Kc7 63. Re7+ Kd8 64. Qf8# { Black checkmated } 1-0

[Event "ICC tourney 2533 (25 5)"]
[Site "Internet Chess Club"]
[Date "2021.04.25"]
[Round "5"]
[White "MELISSANDRE ZAMOJSKI, CHLOL:K09-16776316"]
[Black "COOKE, GRAYSON:K09-15001077"]
[Result "1-0"]
[ICCResult "Black checkmated"]
[WhiteElo "978"]
[BlackElo "1713"]
[Opening "QGD: semi-Slav, Marshall gambit"]
[ECO "C00"]
[NIC "FR.01"]
[Time "11:01:25"]
[PlyCount "65"]
[TimeControl "1500+5"]

1. e4 e6 2. c4 c6 3. d4 d5 4. Nc3 dxc4 5. Bxc4 b5 6. Bb3 Nf6 7. Bg5 h6 8.
Bxf6 Qxf6 9. Nf3 b4 10. Ne2 h5 11. Rc1 Qg6 12. O-O Qxe4 13. Ng3 Qf4 14. d5
exd5 15. Re1+ Be7 16. Bxd5 Bd7 17. Re4 Qf6 18. Bb3 h4 19. Ne2 h3 20. Rf4
Qxb2 21. Bxf7+ Kd8 22. Rd4 c5 23. Rxd7+ Nxd7 24. Be6 Ke8 25. Qxd7+ Kf8 26.
Qd5 Rd8 27. Qe4 Rh6 28. Bxh3 Qxa2 29. Nf4 Qb2 30. Re1 Qf6 31. Ne6+ Kf7 32.
Nxd8+ Bxd8 33. Qe8# { Black checkmated } 1-0

[Event "ICC tourney 2533 (25 5)"]
[Site "Internet Chess Club"]
[Date "2021.04.25"]
[Round "5"]
[White "ETHAN LU, ALAN:K09-15478737"]
[Black "KUMAR MULPURI, PARTHIV:K09-16906012"]
[Result "0-1"]
[ICCResult "White checkmated"]
[WhiteElo "1649"]
[BlackElo "1006"]
[Opening "QGD: 6.Nf3"]
[ECO "D55"]
[NIC "QO.13"]
[Time "11:03:22"]
[PlyCount "118"]
[TimeControl "1500+5"]

1. d4 d5 2. c4 e6 3. Nc3 Nf6 4. Bg5 Be7 5. Nf3 O-O 6. e3 b6 7. Bd3 dxc4 8.
Bxc4 Bb7 9. O-O h6 10. Bh4 Nbd7 11. Rc1 c5 12. Qe2 Ne4 13. Bxe7 Nxc3 14.
Rxc3 Qxe7 15. Rfc1 Bxf3 16. Qxf3 cxd4 17. exd4 Rac8 18. Ba6 Rxc3 19. Qxc3
Nf6 20. Qc7 Qb4 21. Qc3 Qa4 22. Qc4 Qxc4 23. Rxc4 Rd8 24. f3 Kf8 25. Kf2
Ke7 26. Rc7+ Rd7 27. Rxd7+ Kxd7 28. Bc4 Kd6 29. Ke3 Nd5+ 30. Ke4 f5+ 31.
Kd3 Nf4+ 32. Kd2 Nxg2 33. Kd3 Nf4+ 34. Ke3 Nd5+ 35. Kd3 g5 36. h3 Nf4+ 37.
Ke3 Nxh3 38. Ba6 Nf4 39. Bb7 Nd5+ 40. Kf2 Nb4 41. Kg3 Nxa2 42. f4 Nb4 43.
Bf3 Nc2 44. fxg5 hxg5 45. d5 exd5 46. Bd1 Ne3 47. Be2 d4 48. Bd3 Ke5 49.
Kf3 g4+ 50. Kg3 f4+ 51. Kf2 Nd1+ 52. Ke1 Nxb2 53. Be2 f3 54. Bf1 Ke4 55.
Kd2 g3 56. Ke1 g2 57. Bxg2 fxg2 58. Ke2 g1=Q 59. Kd2 Qd1# { White
checkmated } 0-1

[Event "ICC tourney 2533 (25 5)"]
[Site "Internet Chess Club"]
[Date "2021.04.25"]
[Round "5"]
[White "IYER, ANEESH:K09-15577967"]
[Black "DAVID NAKADA, JOHJI:K09-15202138"]
[Result "0-1"]
[ICCResult "White checkmated"]
[WhiteElo "1146"]
[BlackElo "1869"]
[Opening "Benko's opening"]
[ECO "A00"]
[NIC "VO.09"]
[Time "11:01:46"]
[PlyCount "82"]
[TimeControl "1500+5"]

1. g3 d5 2. Bg2 e5 3. d3 Nf6 4. Nd2 Bd6 5. Ngf3 O-O 6. O-O Be6 7. b3 h6 8.
Bb2 Nc6 9. e3 Qd7 10. Qe2 Bh3 11. e4 Bxg2 12. Kxg2 dxe4 13. Nxe4 Nxe4 14.
Qxe4 Rfe8 15. Qc4 Re7 16. Rfe1 Rae8 17. Qc3 Bb4 18. Qc4 Bxe1 19. Rxe1 Kh8
20. Nh4 Qe6 21. Qe4 Qd7 22. Ba3 Re6 23. Nf5 Rf6 24. Nh4 Nd4 25. c3 Nc2 26.
Re2 Nxa3 27. d4 Rfe6 28. d5 Rd6 29. c4 b5 30. f4 c6 31. fxe5 cxd5 32. Qf3
Rde6 33. Qg4 dxc4 34. bxc4 Nxc4 35. Rf2 Ne3+ 36. Kg1 Nxg4 37. Rf4 Qd1+ 38.
Kg2 Ne3+ 39. Kh3 g5 40. Ng6+ fxg6 41. Rf7 Qg4# { White checkmated } 0-1

[Event "ICC tourney 2533 (25 5)"]
[Site "Internet Chess Club"]
[Date "2021.04.25"]
[Round "5"]
[White "SHETTY, DARSH:K09-16728985"]
[Black "TATIKONDA, NIHANTH:K09-16818044"]
[Result "1-0"]
[ICCResult "Black checkmated"]
[WhiteElo "680"]
[BlackElo "1392"]
[Opening "Sicilian: Hungarian variation"]
[ECO "B34"]
[NIC "SI.43"]
[Time "11:00:37"]
[PlyCount "137"]
[TimeControl "1500+5"]

1. e4 c5 2. Nf3 g6 3. d4 cxd4 4. Nxd4 Bg7 5. Nc3 Nc6 6. Be3 Nf6 7. f3 O-O
8. Bc4 a5 9. Qd2 e6 10. Ndb5 a4 11. Bc5 Ne5 12. Be2 d5 13. Bxf8 Qxf8 14.
exd5 exd5 15. Nd4 Bd7 16. O-O Qc5 17. Kh1 h5 18. Bb5 Bxb5 19. Ncxb5 Nc4 20.
Qc3 Rc8 21. b3 axb3 22. axb3 Ne5 23. Qxc5 Rxc5 24. Ra7 b6 25. Re1 Ned7 26.
Re7 Nf8 27. Rxf7 Ne8 28. Nd6 Bxd4 29. Nxe8 Rxc2 30. g3 Rc6 31. Rac7 Re6 32.
Rfe7 Re3 33. Rxe3 Bxe3 34. Nd6 Bc5 35. Nb5 Ne6 36. Rc6 Nf8 37. Kg2 Nd7 38.
Rxg6+ Kf7 39. Rg5 Nf6 40. Kf1 Be3 41. Re5 Bc5 42. Ke2 Kg6 43. Kd3 Bg1 44.
h3 Bh2 45. Re6 Bxg3 46. Rxb6 Kf5 47. Nd4+ Kg5 48. f4+ Kg6 49. f5+ Kg5 50.
h4+ Kxh4 51. Rxf6 Be5 52. Rf7 Kg5 53. Nf3+ Kh6 54. Nxe5 h4 55. Nf3 h3 56.
f6 h2 57. Nxh2 Kg6 58. Rd7 Kxf6 59. Rxd5 Ke6 60. Kd4 Kf6 61. b4 Ke7 62. b5
Ke8 63. b6 Kf7 64. b7 Ke7 65. b8=Q Kf7 66. Qf4+ Ke6 67. Qf5+ Ke7 68. Rd7+
Ke8 69. Qf7# { Black checkmated } 1-0

[Event "ICC tourney 2533 (25 5)"]
[Site "Internet Chess Club"]
[Date "2021.04.25"]
[Round "5"]
[White "VU, LEONARD:K09-15005368"]
[Black "MAHAJAN, RUSHAAN:K09-15449416"]
[Result "1/2-1/2"]
[ICCResult "Game drawn by mutual agreement"]
[WhiteElo "2000"]
[BlackElo "2209"]
[Opening "Caro-Kann: advance variation"]
[ECO "B12"]
[NIC "CK.02"]
[Time "11:03:06"]
[PlyCount "58"]
[TimeControl "1500+5"]

1. e4 c6 2. d4 d5 3. e5 c5 4. dxc5 e6 5. a3 Bxc5 6. Nf3 Nd7 7. Bd3 Ne7 8.
O-O Ng6 9. Re1 O-O 10. Nc3 a6 11. Bg5 Be7 12. Bxe7 Qxe7 13. Qd2 b5 14. Bxg6
hxg6 15. Ne2 Bb7 16. Ned4 Nc5 17. Qf4 Ne4 18. Rad1 Rae8 19. Rxe4 dxe4 20.
Ng5 f6 21. exf6 gxf6 22. Ngxe6 Rf7 23. Qh6 g5 24. Qg6+ Kh8 25. Re1 Bd5 26.
Re3 Rh7 27. Rh3 Rxh3 28. Nf5 Qd7 29. Qxf6+ Kg8 { Game drawn by mutual
agreement } 1/2-1/2